 Dungeon Crawl Stone Soup version 0.28-a0-861-ge64d6db94f (webtiles) character file.

Game seed: 18276953054950218451

109 cheechan the Bolt Thrower (level 4, -1/40 HPs)
             Began as a Naga Hunter on Nov 15, 2021.
             Killed by divine providence
             ... invoked by an orc priest
              (15 damage)
             ... on level 3 of the Dungeon.
             The game lasted 00:08:49 (1695 turns).

cheechan the Bolt Thrower (Naga Hunter)             Turns: 1695, Time: 00:08:50

Health: -1/40      AC:  4    Str: 14    XL:     4   Next: 89%
Magic:  4/4        EV: 10    Int: 12    God:
Gold:   107        SH:  0    Dex: 12    Spells: 3/3 levels left

rFire   . . .      SeeInvis +   h - +2 rapier (venom)
rCold   . . .      Faith    .   (no shield)
rNeg    + . .      Spirit   .   g - +1 robe {rN+}
rPois   +          Reflect  .   (no helmet)
rElec   .          Harm     .   (no cloak)
rCorr   .          Rampage  .   b - +0 pair of gloves
Will    .....                   (no barding)
Stlth   ++........              (no amulet)
HPRegen 0.13/turn               (no ring)
MPRegen 0.09/turn               (no ring)

@: short of breath, very slow
A: AC +1, large, see invisible, deformed body, poison resistance, slowness 2,
spit poison 1, naga tail 1
a: Spit Poison


You were on level 3 of the Dungeon.
You visited 1 branch of the dungeon, and saw 3 of its levels.

You collected 107 gold pieces.

Inventory:

Hand Weapons
 a - a +1 hand crossbow
 c - a +2 short sword of electrocution
 h - a +2 rapier of venom (weapon)
 j - a +0 hunting sling
 k - a +0 whip of flaming
Missiles
 d - 2 bolts
 f - 125 sling bullets
Armour
 b - a +0 pair of gloves (worn)
 g - a +1 robe of positive energy (worn)
Potions
 e - a potion of curing
 i - a potion of resistance {unknown}


   Skills:
 + Level 2.9 Fighting
 + Level 4.6 Crossbows
 + Level 1.4 Armour
 + Level 1.6 Dodging
 + Level 1.5 Stealth


You had 3 spell levels left.
You didn't know any spells.
Your spell library was empty.

Dungeon Overview and Level Annotations

Branches:
Dungeon (3/15)

Altars:


Innate Abilities, Weirdness & Mutations

Your serpentine skin is tough. (AC +1)
You have supernaturally acute eyesight. (SInv)
Armour fits poorly on your strangely shaped body.
Your system is resistant to poisons. (rPois)
You cover ground very slowly.
You can spit poison.
You have a snake-like lower body.


Message History

Unknown command.
d - 3 bolts (gained 1)
You see here a giant cockroach corpse.
An orc comes into view. It is wielding a +0 whip.
Found a trident.
The orc shouts!
You see here a bolt.
A rat and 2 orcs come into view.
An orc comes into view.
It is wielding a +0 morningstar and wearing a +0 chain mail of poison resistance.
The orc shouts!
An orc priest comes into view. It is wielding a +0 whip.
Really attack while wielding your +1 hand crossbow?
Okay, then.
Fire: 3 bolts
Press: ? - help, Shift-Dir - straight line, f - orc
Aim: an orc, wielding a +0 whip (65% to hit)
You shoot a bolt. The orc shouts! x2
The bolt hits the orc.
The orc is moderately wounded.
You hear an angry hiss.
A hobgoblin comes into view.
The orc hits you but does no damage.
The orc priest mumbles some strange prayers to Beogh against you.
Beogh smites you!
Abil: Spit Poison
Press: ? - help, Q - select action, (/) - cycle Shift-Dir - straight line, f/p - orc
Aim: an orc, wielding a +0 whip (moderately wounded)
The splash of poison misses the orc.
The orc misses you.
Unknown command.
Okay, then.
Your +2 rapier of venom begins to drip with poison!
h - a +2 rapier of venom (weapon)
You closely miss the orc.
The orc is moderately wounded.
The orc barely misses you.
The orc priest invokes the aid of Beogh against you.
Beogh smites you!
You die...

...... #.#.......
#.#....... ####
#..#..$..## #.>.
#...(....# ##..#
##........####..#
#...........##.#
#.g#(or>..†....#####
..o.o(o@.(.†......)#
.##...#o.#.......#[# .#
.........#.......#.# .#
......[..#.......#.# .#
##....#..#.......#.##.##
......#..#.......#.....#
##)#..##.#.......#.....#
.... #.#.......#.....#
#.##.....##..#.##


You could see an orc priest, 4 orcs, a hobgoblin and a rat.

Vanquished Creatures
  An orc priest (D:3)
  An orc wizard (D:3)
  An adder (D:2)
  A dart slug (D:1)
  3 orcs
  3 endoplasms
  3 giant cockroaches
  6 hobgoblins
  3 bats
  5 frilled lizards
  3 goblins
  3 kobolds (D:3)
  7 rats
40 creatures vanquished.

Notes
Turn   | Place    | Note
-------+----------+-------------------------------------------
     0 | D:1      | cheechan the Naga Hunter began the quest for the Orb.
     0 | D:1      | Reached XP level 1. HP: 19/19 MP: 1/1
    96 | D:1      | Reached XP level 2. HP: 20/26 MP: 2/2
   537 | D:1      | Reached skill level 4 in Crossbows
  1075 | D:2      | Reached XP level 3. HP: 18/33 MP: 3/3
  1269 | D:2      | Found a faded altar of an unknown god.
  1615 | D:3      | Reached skill level 1 in Armour
  1615 | D:3      | Reached XP level 4. HP: 24/40 MP: 4/4
  1695 | D:3      | Killed from afar by an orc priest

Illustrated notes

Levels and vault maps discovered:
D:1:      lightli_arrival_isolated_outpost, layout_basic
D:2:      layout_loops_ring, ebering_ecumenical_altar_rust
D:3:      cheibrodos_pilgrimage, layout_rooms, hex_tiny, uniq_natasha

Skill      XL: |  1  2  3 |
---------------+----------+-----
Crossbows      | 4 |  4.6
Armour         | 1 |  1.4
Fighting       | |  2.9
Dodging        | |  1.6
Stealth        | |  1.5

Action                   |  1- 3 |  4- 6 || total
-------------------------+-------+-------++-------
Melee: Rapier            |       |     2 ||     2
 Fire: Hand crossbow     |    67 |    20 ||    87
 Abil: Spit Poison       |    21 |     2 ||    23
  Use: Scroll            |     4 |       ||     4
       Potion            |     1 |       ||     1
Armor: Leather armour    |    12 |     2 ||    14
       Robe              |       |     6 ||     6
Dodge: Dodged            |    18 |     8 ||    26

Table legend: (Time is in decaauts)
 A = Elapsed time spent in this place.
 B = Non-inter-level travel time spent in this place.
 C = Inter-level travel time spent in this place.
 D = Time resting spent in this place.
 E = Time spent auto-exploring this place.
 F = Levels seen in this place.
 G = Mean time per level.
                   A        B        C        D        E       F      G
               +--------+--------+--------+--------+--------+-----+--------+
         Total |   2311 |   2311 |      0 |      0 |      0 |   3 |  770.3 |
       Dungeon |   2311 |   2311 |      0 |      0 |      0 |   3 |  770.3 |
               +--------+--------+--------+--------+--------+-----+--------+

Top non-repeatable levels by time:
     D:2: 1063 daAuts
     D:1: 1049 daAuts
     D:3: 199 daAuts
